 Dungeon Crawl Stone Soup version 0.17.0-56-gd8de76c (webtiles) character file.

126 JokEr the Ruffian (level 5, -2/45 HPs)
             Began as a Ghoul Monk on Dec 6, 2015.
             Killed from afar by Natasha (5 damage)
             ... with a magic dart
             ... on level 2 of the Dungeon.
             The game lasted 00:08:34 (2456 turns).

JokEr the Ruffian (Ghoul Monk)                      Turns: 2456, Time: 00:08:34

Health: -2/45      AC:  2    Str: 16    XL:     5   Next: 9%
Magic:  4/4        EV: 12    Int:  5    God:
Gold:   116        SH:  0    Dex: 11    Spells: 0 memorised, 4 levels left

rFire  . . .     SeeInvis .       - Unarmed
rCold  + . .     Clarity  .     a - +0 robe
rNeg   + + +     SustAt   .     (no shield)
rPois  ∞         Gourm    .     (no helmet)
rElec  .         Spirit   .     (no cloak)
rCorr  .         Warding  .     (no gloves)
rMut   .         Stasis   .     (no boots)
MR     .....                    e - amulet of inaccuracy (curse)
Stlth  ++........               (no ring)
                                (no ring)

@: rotting, not resistant to hostile enchantments, unstealthy
A: rotting body, claws 1, carnivore 3, cold resistance 1, negative energy
resistance 3, slow regeneration 1, torment resistance, unbreathing
a: no special abilities


You were on level 2 of the Dungeon.
You were not hungry.

You visited 1 branch of the dungeon, and saw 2 of its levels.

You collected 116 gold pieces.

Inventory:

Armour
 a - a +0 robe (worn)
Jewellery
 e - a cursed amulet of inaccuracy (around neck)
Comestibles
 b - a meat ration


   Skills:
 - Level 3.2 Fighting
 - Level 2.7 Dodging
 - Level 2.1 Stealth
 + Level 6.8 Unarmed Combat


You had 4 spell levels left.
You didn't know any spells.

Dungeon Overview and Level Annotations

Branches:
Dungeon (2/15)

Altars:

Annotations:
D:2 Natasha


Innate Abilities, Weirdness & Mutations

Your body is rotting away.
You thrive on raw meat.
You are immune to poison.
You have sharp fingernails.
You are carnivorous and can eat meat at any time.
Your flesh is cold resistant.
You are immune to negative energy.
You regenerate slowly when monsters are visible.
You are immune to unholy pain and torment.
You can survive without breathing.


Message History

Natasha casts a spell at you. The magic dart hits you!
* * * LOW HITPOINT WARNING * * *
You see here 13 gold pieces.
Found 10 gold pieces.
Natasha hisses.
Found a helmet.
Found a ring mail.
Natasha stares at you and mumbles some strange words.
The magic dart hits you!
* * * LOW HITPOINT WARNING * * *
You see here a helmet.
You see here a ring mail.
Natasha casts a spell.
The crimson imp blinks!
Natasha claws you.
* * * LOW HITPOINT WARNING * * *
Natasha stares at you and mumbles some strange words.
The magic dart hits you!
You die...

#.# #.#####(#......#
#.# #.#####.#
#.#...#### #.#
#.......# #.#...### #.#
####....# #.......##
#.# ####.# #.....>..#
#.# #.# #........# #.#
#.# ###...##.# #.# #.#
#...##.# #.# #@#
##.###.# #.# #####.####
#.# #.### #.#
##.....h..# #.# #....
#.# #......##.# #.#
#.### #.#
#..######.#####.###.###
#)# #..#
#.........5.5.#.. #.#
#..####.#.#####.##....#
#.# #.......#.#
#..§.#..# #.#
##.###..#.# ####...##


You could see Natasha.

Vanquished Creatures
  Ijyb (D:2)
  Natasha (D:2)
  3 adders (D:2)
  A worm (D:2)
  3 giant geckos
  6 giant cockroaches
  3 goblins
  3 hobgoblins
  5 jackals (D:2)
  2 ball pythons (D:2)
  2 bats
  2 giant newts (D:2)
  7 kobolds
  2 quokkas
  3 rats
44 creatures vanquished.

Notes
Turn   | Place    | Note
--------------------------------------------------------------
     0 | D:1      | JokEr the Ghoul Monk began the quest for the Orb.
     0 | D:1      | Reached XP level 1. HP: 19/19 MP: 0/0
   187 | D:1      | Reached XP level 2. HP: 9/26 MP: 1/1
   531 | D:1      | Reached skill level 5 in Unarmed Combat
  1350 | D:2      | Reached XP level 3. HP: 25/31 MP: 2/2
  1487 | D:2      | Noticed Ijyb
  1676 | D:2      | Killed Ijyb
  1676 | D:2      | Reached skill level 6 in Unarmed Combat
  1676 | D:2      | Reached XP level 4. HP: 25/38 MP: 3/3
  2403 | D:2      | Noticed Natasha
  2419 | D:2      | Killed Natasha
  2419 | D:2      | Reached XP level 5. HP: 13/45 MP: 4/4
  2419 | D:2      | Noticed Natasha
  2456 | D:2      | Killed from afar by Natasha

Action                   |  1- 3 |  4- 6 || total
-------------------------+-------+-------++-------
Melee: Unarmed           |   127 |    81 ||   208
  Use: Scroll            |     3 |       ||     3
       Potion            |     1 |       ||     1
 Stab: Sleeping          |     3 |     3 ||     6
  Eat: Chunk             |    11 |    12 ||    23
       Meat ration       |     1 |       ||     1
